 Dungeon Crawl Stone Soup version 0.30-a0-989-g0d87f670db (webtiles) character file.

Game seed: 9010480299861314325

1667040 PaperRat the Demonologist (level 26, 172/172 HPs)
             Began as a Deep Elf Wanderer on Apr 2, 2023.
             Was the Champion of Dithmenos.
             Escaped with the Orb
             ... and 3 runes!
             The game lasted 04:41:16 (71042 turns).

PaperRat the Demonologist (Deep Elf Wanderer)      Turns: 71042, Time: 04:41:17

Health: 172/172    AC: 21    Str:  6    XL:     26   Next: 88%
Magic:  49/49      EV: 33    Int: 34    God:    Dithmenos [******]
Gold:   3398       SH:  9    Dex: 24    Spells: 9/65 levels left

rFire   + + .      SeeInvis +    w - +6 sling of Doom {elec, *Slow rN+ Int+5 Dex+3 SInv}
rCold   + + +      Faith    .    j - +3 buckler {AC+3}
rNeg    + + +      Spirit   .    B - +2 robe {Archmagi}
rPois   +          Reflect  .    D - +2 helmet
rElec   .          Rampage  .    N - +2 cloak {rF+}
rCorr   .          Archmagi +    p - +3 pair of gauntlets of War {Slay+5}
Will    ++++.                    H - +0 pair of boots "Doehoq" {rN+ Str-3 Int+3 Dex+3}
Stlth   ++                       U - amulet of magic regeneration
HPRegen 0.48/turn                m - ring of Ylisi {Wiz rPois rF- rC+++ Will++, =R}
MPRegen 0.71/turn                v - ring "Kyfad" {Wiz rF++ rN+}

@: wreathed by umbra, studying 2 skills
A: screaming 1
0: Orb of Zot
}: 3/15 runes: decaying, serpentine, slimy
a: Renounce Religion, Shadow Step, Shadow Form


You escaped.
You worshipped Dithmenos.
Dithmenos was exalted by your worship.
You visited 11 branches of the dungeon, and saw 52 of its levels.
You also visited: Trove, Gauntlet, Ice Cave, Volcano and Wizlab.

You collected 7241 gold pieces.
You spent 3843 gold pieces at shops.

Inventory:

Hand Weapons
 w - the +6 sling of Doom (weapon) {elec, *Slow rN+ Int+5 Dex+3 SInv}
   (You found it on level 3 of the Dungeon)

   Int:       It affects your intelligence (+5).
   Dex:       It affects your dexterity (+3).
   rN:        It protects you from negative energy.
   SInv:      It lets you see invisible.
   *Slow:     It may slow you when you take damage.
Missiles
 E - 5 throwing nets {!f}
 Q - 10 curare-tipped darts (quivered)
Armour
 j - a +3 buckler of protection (worn)
 p - the +3 pair of gauntlets of War (worn) {Slay+5}
   (You found it in a Gauntlet)

   Slay:      It affects your accuracy & damage with ranged weapons and melee
   (+5).
 B - a +2 robe of the Archmagi (worn)
 D - a +2 helmet (worn)
 H - the +0 pair of boots "Doehoq" (worn) {rN+ Str-3 Int+3 Dex+3}
   (You acquired it on level 2 of the Elven Halls)

   Str:       It affects your strength (-3).
   Int:       It affects your intelligence (+3).
   Dex:       It affects your dexterity (+3).
   rN:        It protects you from negative energy.
 N - a +2 cloak of fire resistance (worn)
Magical Staves
 a - a staff of air
 q - the staff of conjuration "Qug Tipn" {rC+ rCorr Dex-2 Stlth+}
   (You found it on level 3 of the Elven Halls)

   [staff of conjuration]

   Base accuracy: +5 Base damage: 5 Base attack delay: 1.2 This weapon's minimum
   attack delay (0.6) is reached at skill level 12.
   Dex:       It affects your dexterity (-2).
   rC:        It protects you from cold.
   rCorr:     It protects you from acid and corrosion.
   Stlth:     It makes you more stealthy.
   It falls into the 'Staves' category.
   It is a one-handed weapon.
 A - the staff of cold "Fewoby" {rF+ rC+ Str+2 Dex+4}
   (You found it in a wizard's laboratory)

   [staff of cold]

   Base accuracy: +5 Base damage: 5 Base attack delay: 1.2 This weapon's minimum
   attack delay (0.6) is reached at skill level 12.
   Str:       It affects your strength (+2).
   Dex:       It affects your dexterity (+4).
   rF:        It protects you from fire.
   rC:        It protects you from cold.
   It falls into the 'Staves' category.
   It is a one-handed weapon.
Jewellery
 f - the ring of Darkness {Wiz rF+ MP+9}
   (You found it on level 14 of the Dungeon)

   [ring of wizardry]

   It improves your spell success rate.
   rF:        It protects you from fire.
   MP:        It affects your magic capacity (+9).
 m - the ring of Ylisi (left hand) {Wiz rPois rF- rC+++ Will++, =R}
   (You found it in a treasure trove)

   [ring of wizardry]

   It improves your spell success rate.
   rF:        It makes you vulnerable to fire.
   rC:        It renders you almost immune to cold.
   rPois:     It protects you from poison.
   Will:      It greatly increases your willpower.
 r - a ring of poison resistance
 v - the ring "Kyfad" (right hand) {Wiz rF++ rN+}
   (You found it in a treasure trove)

   [ring of wizardry]

   It improves your spell success rate.
   rF:        It greatly protects you from fire.
   rN:        It protects you from negative energy.
 y - the dreamshard necklace {*Dream Drain}
   (You took it off a deep elf annihilator on level 3 of the Elven Halls)

   [amulet of nothing]

   *Dream:    It shatters if its wearer takes lethal or near-lethal damage,
   preventing the blow and releasing protective dreams that heal and fight for
   the wearer.
   Drain:     It drains your maximum health when unequipped.
 L - the ring "Soer" {Wiz Will+ rCorr}
   (You found it in a treasure trove)

   [ring of wizardry]

   It improves your spell success rate.
   rCorr:     It protects you from acid and corrosion.
   Will:      It increases your willpower.
 U - an amulet of magic regeneration (around neck)
Wands
 b - a wand of roots (31)
 c - a wand of quicksilver (12)
 d - a wand of digging (6)
 n - a wand of paralysis (52)
 z - a wand of mindburst (33)
Scrolls
 e - 5 scrolls of poison
 h - 2 scrolls of magic mapping
 i - 3 scrolls of butterflies
 k - 7 scrolls of amnesia
 u - 2 scrolls of blinking {@r5}
 G - 16 scrolls of teleportation {@r3}
 K - 5 scrolls of vulnerability
 O - 6 scrolls of enchant armour
 S - 5 scrolls of fear {@r4}
 V - 5 scrolls of immolation
 X - 11 scrolls of fog {@r2}
Potions
 g - 9 potions of heal wounds {@q2}
 l - 5 potions of magic
 o - 4 potions of cancellation
 x - 7 potions of mutation {@q6}
 C - 3 potions of haste {@q4}
 F - 30 potions of curing {@q1}
 J - 6 potions of ambrosia
 M - 4 potions of resistance
 T - 5 potions of lignification
 W - 5 potions of invisibility
 Y - 5 potions of brilliance {@q5}
Miscellaneous
 s - a tin of tremorstones (2/2)
 t - a box of beasts (inert)
 I - a phantom mirror
 R - a phial of floods
 Z - a condenser vane (inert)


   Skills:
 + Level 19.0 Fighting
 - Level 1.2 Short Blades
 - Level 14.0 Ranged Weapons
 - Level 11.0 Armour
 + Level 23.2 Dodging
 - Level 4.8 Stealth
 - Level 5.0 Shields
 - Level 20.0 Spellcasting
 - Level 14.0 Conjurations
 - Level 6.0 Hexes
 - Level 25.0 Summonings
 - Level 8.0 Transmutations
 - Level 18.0 Ice Magic
 - Level 10.0 Earth Magic
 - Level 15.5 Evocations


You had 9 spell levels left.
You knew the following spells:

 Your Spells              Type           Power      Damage    Failure   Level
a - Iron Shot             Conj/Erth      53%        9d10      1%          6
b - Ozocubu's Refrigerat  Ice            62%        4d21      1%          7
c - Summon Mana Viper     Hex/Summ       100%       N/A       1%          5
d - Fulminant Prism       Conj/Hex       50%        3d22      1%          4
e - Irradiate             Conj/Tmut      52%        3d29      1%          5
f - Lee's Rapid Deconstr  Erth           50%        3d24*     1%          5
g - Passwall              Tmut/Erth      80%        N/A       1%          2
i - Spellforged Servitor  Conj/Summ      64%        N/A       1%          7
q - Iskenderun's Mystic   Conj/Tloc      89%        2d17      1%          4
w - Statue Form           Tmut/Erth      64%        N/A       1%          6
x - Yara's Violent Unrav  Hex/Tmut       44%        3d17      1%          5

Your spell library contained the following spells:

 Spells                   Type           Power      Damage    Failure   Level
 Freeze                   Ice            100%       1d10      0%          1
 Magic Dart               Conj           100%       1d8       0%          1
 Sandblast                Erth           100%       2d20      0%          1
 Summon Small Mammal      Summ           100%       N/A       0%          1
 Call Imp                 Summ           100%       N/A       0%          2
 Ensorcelled Hibernation  Hex/Ice        100%       N/A       0%          2
 Searing Ray              Conj           100%       2d8       0%          2
 Call Canine Familiar     Summ           100%       N/A       0%          3
 Frozen Ramparts          Ice            100%       1d16      0%          3
 Hailstorm                Conj/Ice       100%       3d20      0%          3
 Ozocubu's Armour         Ice            100%       N/A       0%          3
 Summon Guardian Golem    Hex/Summ       100%       N/A       0%          3
 Summon Ice Beast         Ice/Summ       100%       N/A       0%          4
 Summon Cactus Giant      Summ           70%        N/A       0%          6
 Apportation              Tloc           100%       N/A       1%          1
 Beastly Appendage        Tmut           100%       N/A       1%          1
 Kiss of Death            Conj/Necr      100%       2d13      1%          1
 Shock                    Conj/Air       100%       1d9       1%          1
 Sting                    Tmut/Pois      100%       1d8       1%          1
 Cigotuvi's Dreadful Rot  Necr/Pois/Air  100%       N/A       1%          2
 Poisonous Vapours        Pois/Air       100%       N/A       1%          2
 Scorch                   Fire           100%       2d10      1%          2
 Static Discharge         Conj/Air       100%       2-7/arc   1%          2
 Sublimation of Blood     Necr           50%        N/A       1%          2
 Wereblood                Tmut           93%        N/A       1%          2
 Confusing Touch          Hex            84%        N/A       1%          3
 Gell's Gravitas          Tloc           50%        N/A       1%          3
 Ignite Poison            Fire/Tmut/Pois 67%        N/A       1%          3
 Inner Flame              Hex/Fire       69%        N/A       1%          3
 Kindle Blastsparks       Fire/Tloc/Air  100%       2d18      1%          3
 Mephitic Cloud           Conj/Pois/Air  78%        N/A       1%          3
 Portal Projectile        Hex/Tloc       100%       N/A       1%          3
 Spider Form              Tmut/Pois      75%        N/A       1%          3
 Stone Arrow              Conj/Erth      100%       3d13      1%          3
 Teleport Other           Tloc           50%        N/A       1%          3
 Tukima's Dance           Hex            84%        N/A       1%          3
 Vhi's Electric Charge    Tloc/Air       100%       N/A       1%          3
 Anguish                  Hex/Necr       34%        N/A       1%          4
 Cause Fear               Hex            42%        N/A       1%          4
 Flame Wave               Conj/Fire      89%        2d19      1%          4
 Ice Form                 Ice/Tmut       100%       N/A       1%          4
 Leda's Liquefaction      Hex/Erth       46%        N/A       1%          4
 Petrify                  Tmut/Erth      97%        N/A       1%          4
 Sticky Flame             Conj/Fire      89%        2d10      1%          4
 Summon Lightning Spire   Summ/Air       100%       N/A       1%          4
 Alistair's Intoxication  Tmut/Pois      50%        N/A       1%          5
 Arcjolt                  Conj/Air       44%        1d54      1%          5
 Blade Hands              Tmut           46%        N/A       1%          5
 Fireball                 Conj/Fire      44%        3d18      1%          5
 Freezing Cloud           Conj/Ice/Air   51%        6-21      1%          5
 Iskenderun's Battlesphe  Conj           100%       2d15      1%          5
 Metabolic Englaciation   Hex/Ice        53%        N/A       1%          5
 Summon Forest            Summ/Tloc      54%        N/A       1%          5
 Simulacrum               Ice/Necr       48%        N/A       1%          6
 Monstrous Menagerie      Summ           70%        N/A       1%          7
 Orb of Destruction       Conj           57%        9d14      1%          7
 Summon Hydra             Summ           70%        N/A       1%          7
 Airstrike                Air            25%        2d(4-20)  3%          4
 Dispel Undead            Necr           50%        3d19      3%          4
 Manifold Assault         Tloc           50%        N/A       3%          4
 Olgreb's Toxic Radiance  Pois           50%        N/A       3%          4
 Passage of Golubria      Tloc           50%        N/A       3%          4
 Agony                    Necr           50%        N/A       9%          5
 Eringya's Noxious Bog    Tmut/Pois      37%        N/A       10%         6
 Dragon Form              Tmut           46%        N/A       11%         7
 Lehudib's Crystal Spear  Conj/Erth      53%        10d13     16%         8
 Enfeeble                 Hex            42%        N/A       22%         7
 Dispersal                Tloc           25%        N/A       41%         6
 Discord                  Hex            42%        N/A       82%         8
 Necromutation            Tmut/Necr      37%        N/A       97%         8
 Shatter                  Erth           50%        3d38*     99%         9
 Disjunction              Tloc           25%        N/A       100%        8
 Ignition                 Fire           25%        3d8       100%        8
 Infestation              Necr           25%        N/A       100%        8
 Maxwell's Capacitive Co  Air            25%        ∞         100%        8
 Chain Lightning          Conj/Air       44%        3d59      100%        9
 Fire Storm               Conj/Fire      44%        8d11      100%        9


Dungeon Overview and Level Annotations

Branches:
Dungeon (15/15)            Temple (1/1) D:5            Lair (5/5) D:9
  Swamp (4/4) Lair:3        Snake (4/4) Lair:3        Slime (5/5) Lair:4
    Orc (2/2) D:11            Elf (3/3) Orc:2        Vaults (4/5) D:13
  Crypt (0/3) Vaults:2     Depths (4/4) D:15            Zot (5/5) Depths:4
  IceCv (visited)         Volcano (visited)          WizLab (visited)
Gauntlet (visited)

Altars:
Ashenzari
Cheibriados
Dithmenos
Elyvilon
Fedhas
Gozag
Hepliaklqana
Kikubaaqudgha
Makhleb
Nemelex Xobeh
Okawaru
Qazlal
Ru
Sif Muna
Trog
Uskayaw
Vehumet
Wu Jian
Xom
Yredelemnul
Zin
The Shining One
Jiyva
Lugonu

Shops:
D:6 [   Orc:2 =(*[(   Elf:3 *   Vaults:3 [   Depths:1 *

Portals:
Hell: Depths:1 Depths:2 Depths:3 Depths:4
Abyss: Depths:3 Depths:4
Pandemonium: Depths:1 Depths:2
Ziggurat: Depths:2

Annotations:
D:13 1 exclusion
D:14 4 transporters
Elf:2 3 runed translucent doors


Innate Abilities, Weirdness & Mutations

You occasionally shout uncontrollably at your foes.


Message History

A hell hog comes into view.
The hell hog completely misses you.
Casting: Ozocubu's Refrigeration (mildly dangerous; 1% risk of failure)
Confirm with . or Enter, or press ? or * to list all spells.
You feel a strong surge of power!
The heat is drained from your surroundings.
You kill the hell hog!
Dithmenos accepts your kill.
The hell hog is heavily wounded. x2
You block the hell hog's attack.
Your Fighting skill increases to level 19!
Casting: Ozocubu's Refrigeration (mildly dangerous; 1% risk of failure)
Confirm with . or Enter, or press ? or * to list all spells.
You feel a strong surge of power!
The heat is drained from your surroundings.
You kill the hell hog!
Dithmenos accepts your kill.
You kill the hell hog!
Dithmenos accepts your kill.
(D) Dungeon (T) Temple (L) Lair (S) Swamp (P) Snake Pit (M) Slime Pits (O) Orcish Mines (E) Elven Halls (V) Vaults (C) Crypt (U) Depths (H) Hell (Z) Zot
Where to? (Enter - D:1 @ (x,y), ? - help)
You see here a +0 scale mail.
There is a stone staircase leading up here.
You climb upwards.
There is a stone staircase leading down here.
You see here a scroll of noise.
Magic restored.
You feel a little less clever now.
HP restored.
A lorocyproca comes into view.
Aiming: Dig
Press: ? - help, Shift-Dir - straight line A rock wall.
This square is wreathed by an umbra and is covered in magical glow.
The rock shatters into small pieces.
There is a staircase leading out of the dungeon here.
You have escaped!

...# #.......# #.###......####
.### #.......# #.#.....#......
..####.......######.#.#.#.#......
.........2................#......
..........................##.####
..#######..##########.....##.....
..........## ####..##.####
.........## ##### #.........
.....###.#####.#@# #.........
.......#.2....#.#### ##........
.........#####.#.#.## #..#####.
.......### ####.#.# #.......>
.......# ####.#.## #.#####..
.......# ##.#.#### #.# #..
.......# #.#.## #.# #.. .......#
##.#.## #)#####.. .......#
####.#### #........


There were no monsters in sight!

Vanquished Creatures
  the Royal Jelly (Slime:5)
  4 dread liches (Zot:2)
  2 orbs of fire (Zot:5)
  2 juggernauts (Depths:3)
  A Killer Klown (Zot:5)
  A curse toe (Zot:3)
  Vashnia (Snake:4)
  the Enchantress (Depths:4)
  6 golden dragons
  A pandemonium lord (D:3)
  A Tzitzimitl (Depths:1)
  An electric golem (Zot:5)
  12 tentacled monstrosities
  A walking crystal tome (Depths:2)
  A walking earthen tome (Depths:3)
  18 Orb Guardians (Zot:5)
  2 quicksilver dragons (Zot:3)
  2 titans
  A lich (Depths:2)
  A walking divine tome (Depths:3)
  3 deep elf master archers (Elf:3)
  Frances (Elf:3)
  7 sphinxes
  4 death cobs
  14 acid blobs (Slime:5)
  Kirke (D:15)
  2 thorn hunters (Swamp:4)
  Agnes (Snake:4)
  3 shadow dragons
  4 storm dragons
  The ghost of makewrite the Brawler, an adept TrBe of Trog (Swamp:3)
  Donald (Elf:3)
  2 tengu reavers
  3 nagarajas (Snake:4)
  13 rockslimes
  7 draconian monks
  9 azure jellies
  3 fenstrider witches
  2 draconian knights (Zot:2)
  6 vault wardens
  8 fire giants
  An iron dragon (Depths:4)
  5 draconian scorchers
  7 frost giants
  4 balrugs (Depths:1)
  A caustic shrike zombie (Depths:3)
  2 ghost moths (Zot:3)
  7 deep elf sorcerers
  4 draconian shifters
  A juggernaut zombie (Depths:3)
  5 deep elf elementalists
  The ghost of emiel the Marksminotaur, a journeyman MiHu of Okawaru (Orc:2)
  6 spriggan defenders
  4 draconian annihilators
  3 orc warlords
  6 draconian stormcallers
  15 quicksilver oozes
  11 ironbound preservers
  2 war gargoyles
  15 stone giants
  18 very ugly things
  7 ironbound thunderhulks
  5 green draconians
  2 vampire knights (Depths:2)
  11 black draconians
  10 deep elf demonologists
  4 yellow draconians
  10 dire elephants
  11 purple draconians
  2 eleionomae
  A minotaur (Gauntlet)
  Azrael (D:15)
  6 bunyips
  10 red draconians
  5 white draconians
  2 lorocyprocas (Depths:2)
  8 deep elf annihilators (Elf:3)
  8 spark wasps
  12 ettins
  A green death (Depths:1)
  Josephine (D:14)
  3 deep elf death magi
  4 fire dragons
  An entropy weaver (Vaults:1)
  14 great orbs of eyes
  2 crystal guardians
  7 deep elf high priests
  8 yaktaur captains
  Harold (D:9)
  11 vault guards
  6 ice dragons
  4 rakshasas
  An ogre mage (D:15)
  7 salamander tyrants
  16 hydras
  10 anacondas
  3 peacekeepers
  6 ironbound frosthearts
  3 ghost crabs
  3 boulder beetles
  12 spriggan air magi
  A catoblepas (Lair:5)
  13 dancing weapons
  6 centaur warriors
  2 death knights (Vaults:2)
  12 naga warriors
  10 two-headed ogres
  11 alligators
  14 death yaks
  11 deep troll shamans
  4 tengu warriors
  7 spriggan berserkers
  14 deep troll earth magi
  23 naga sharpshooters
  6 hell hogs
  3 vampire magi
  12 hell knights
  7 shock serpents
  5 orc high priests (Orc:2)
  10 deep elf knights
  A soul eater (D:3)
  A sun demon (Depths:1)
  A fire crab (shapeshifter) (Depths:3)
  3 skeletal warriors (D:15)
  3 sixfirhies
  A shadow wraith (Vaults:2)
  2 skysharks
  6 goliath frogs
  6 swamp dragons
  8 salamander mystics
  2 sea snakes (Snake:4)
  6 iron trolls
  6 spriggan druids
  66 deep trolls
  An orb spider (shapeshifter) (Depths:2)
  A flayed ghost (Depths:3)
  2 obsidian statues
  5 glowing orange brains
  16 ironbound convokers
  16 lindwurms
  4 bog bodies
  2 orange crystal statues
  4 phantasmal warriors
  19 deep elf pyromancers
  5 naga ritualists
  14 deep elf archers
  17 deep elf zephyrmancers
  11 necromancers
  15 mana vipers
  14 orc knights
  4 orc sorcerers
  11 wizards
  A sphinx zombie (Vaults:1)
  6 shining eyes
  2 wolf spiders
  A frost giant zombie (Vaults:3)
  4 will-o-the-wisps
  A fire giant zombie (Depths:1)
  44 ugly things
  4 manticores
  21 salamanders
  A sphinx skeleton (Depths:3)
  8 cyclopes
  A salamander (shapeshifter) (D:14)
  6 elephants (Lair:5)
  2 rust devils
  12 naga magi
  23 moths of wrath
  A human skeleton (Vaults:1)
  51 black mambas
  3 eyes of devastation
  An ice statue (IceCv)
  7 centaur zombies (D:10)
  5 guardian serpents
  3 gargoyles
  14 vault sentinels
  5 smoke demons
  Maggie (D:9)
  2 komodo dragons
  3 torpor snails
  21 cane toads
  A minotaur zombie (Gauntlet)
  2 human zombies (Vaults:2)
  A hellion (Depths:1)
  21 yaktaurs
  An unseen horror zombie (D:10)
  2 rime drakes
  An efreet (D:15)
  A freezing wraith (D:14)
  A golden dragon simulacrum (Depths:3)
  4 tengu conjurers
  A silent spectre (Orc:1)
  An ice devil (Depths:2)
  A troll (shapeshifter) (D:13)
  10 trolls
  22 hornets
  A meliai (D:15)
  A hellwing (D:12)
  13 tyrant leeches
  3 blink frogs (Lair:3)
  11 polar bears
  An ettin zombie (Depths:1)
  8 dream sheep
  2 air elementals
  20 spriggans
  91 slime creatures
  A shadow (D:12)
  A ynoxinul (Depths:1)
  A spriggan skeleton (Depths:1)
  13 wyverns
  5 large abominations (Elf:1)
  6 water elementals
  7 wraiths
  2 hogs (D:15)
  9 golden eyes
  5 basilisks
  4 fire elementals
  3 redbacks
  76 yaks
  A neqoxec (Depths:1)
  3 steam dragons
  21 vampire mosquitoes
  Grum (D:9)
  7 wargs
  15 swamp worms
  30 nagas
  30 water moccasins
  2 acid dragons
  2 floating eyes (Zot:2)
  A glowing shapeshifter zombie (Vaults:1)
  9 hell hounds
  11 swamp drakes
  2 ice beasts (D:7)
  36 orc warriors
  A sky beast (D:7)
  3 black bears
  3 boggarts (Vaults:1)
  37 wolves
  5 ogres
  20 centaurs
  A phantom (D:7)
  4 kobold brigands
  An elf zombie (Elf:1)
  11 bullfrogs
  4 gnoll sergeants
  A human simulacrum (Depths:1)
  3 earth elementals
  4 scorpions
  A wight (D:9)
  6 killer bees
  7 electric eels
  A jelly (D:5)
  9 orc priests
  8 hounds
  2 gnoll boudas
  3 iguanas (D:7)
  Ijyb (D:4)
  15 orc wizards
  A troll simulacrum (D:11)
  A spriggan simulacrum (D:11)
  3 howler monkey zombies (D:10)
  36 gnolls
  7 adders
  A naga simulacrum (D:11)
  A white imp (D:6)
  2 worms
  43 orcs
  6 bats (D:1)
  7 endoplasms
  2 giant cockroaches
  5 hobgoblins
  3 quokkas
  6 ball pythons
  6 frilled lizards
  9 goblins
  19 kobolds
  4 rats
  A fulminant prism (Slime:1)
2049 creatures vanquished.

Vanquished Creatures (collateral kills)
  An ancient lich (Zot:5)
  3 Killer Klowns
  7 golden dragons
  A bone dragon (Depths:4)
  A tentacled monstrosity (Zot:3)
  3 Orb Guardians (Zot:5)
  A quicksilver dragon (Zot:1)
  A death cob (Zot:5)
  2 sphinxes
  2 shadow dragons
  An azure jelly (Slime:1)
  7 storm dragons
  2 draconian monks
  A rockslime (Slime:1)
  4 frost giants
  3 draconian knights
  Aizul (Snake:2)
  2 draconian scorchers
  An iron dragon (Depths:4)
  3 vault wardens
  A draconian stormcaller (Zot:1)
  A draconian annihilator (Zot:3)
  A quicksilver ooze (Slime:1)
  5 very ugly things
  A draconian shifter (Zot:3)
  A spriggan defender (Depths:4)
  3 stone giants (Depths:2)
  2 vampire knights
  An ironbound thunderhulk (Vaults:3)
  A dire elephant (Vaults:2)
  8 yellow draconians
  3 purple draconians
  2 green draconians (Zot:2)
  4 white draconians
  9 black draconians
  3 red draconians
  An ettin (Depths:4)
  A hell beast (Depths:4)
  2 ice dragons (Depths:4)
  2 vault guards (Vaults:3)
  A two-headed ogre (Orc:1)
  A spriggan air mage (Depths:2)
  An ironbound frostheart (Vaults:4)
  2 centaur warriors (Vaults:3)
  A death yak (IceCv)
  5 deep troll earth magi
  3 deep troll shamans
  2 spriggan berserkers
  A hell knight (Depths:2)
  An iron troll (Depths:3)
  A titan skeleton (Depths:3)
  9 deep trolls
  A glowing orange brain (Depths:3)
  An orc knight (Orc:2)
  A deep elf pyromancer (Orc:1)
  3 ugly things
  5 moths of wrath
  A stone giant skeleton (Vaults:2)
  A human skeleton (Vaults:3)
  A frost giant skeleton (Vaults:3)
  A tormentor (Depths:1)
  A hellwing (Depths:1)
  A slime creature (Slime:1)
  A yak (IceCv)
  A yaktaur simulacrum (Vaults:3)
  A warg (Orc:2)
147 creatures vanquished.

Vanquished Creatures (others)
  3 humans (D:15)
  A wolf (IceCv)
  A hornet simulacrum (D:15)
  2 bushes (Lair:5)
  10 foxfires
  4 fulminant prisms (Zot:5)
  103 fungi
  160 plants
  A withered plant (Gauntlet)
285 creatures vanquished.

Grand Total: 2481 creatures vanquished

Notes
Turn   | Place    | Note
-------+----------+-------------------------------------------
     0 | D:1      | PaperRat the Deep Elf Wanderer began the quest for the Orb.
     0 | D:1      | PaperRat set off with the following items: a +3 dagger, a
                  | potion of haste {@q4}, a scroll of teleportation {@r3}, a
                  | scroll of fear {@r4}, a +0 robe.
     0 | D:1      | Reached XP level 1. HP: 15/15 MP: 3/3
   240 | D:1      | Reached skill level 1 in Short Blades
   311 | D:1      | Reached XP level 2. HP: 20/20 MP: 4/4
   362 | D:1      | Reached skill level 1 in Dodging
   613 | D:1      | Reached skill level 1 in Ranged Weapons
   618 | D:1      | Found a faded altar of an unknown god.
  1206 | D:2      | Reached XP level 3. HP: 24/24 MP: 5/5
  2146 | D:2      | Identified the +3 leather armour "Vorak" {Rampage Str-4
                  | Dex+3}
  2824 | D:3      | Reached XP level 4. HP: 25/29 MP: 6/6
  3146 | D:3      | Identified the +6 sling of Doom {elec, *Slow rN+ Int+5
                  | Dex+3 SInv}
  4091 | D:4      | Reached XP level 5. HP: 33/33 MP: 7/7
  4108 | D:4      | Reached skill level 5 in Ranged Weapons
  4705 | D:4      | Noticed Ijyb
  4722 | D:4      | Killed Ijyb
  5065 | D:5      | Entered Level 5 of the Dungeon
  5145 | D:5      | Reached XP level 6. HP: 38/38 MP: 8/8
  5475 | D:5      | Reached XP level 7. HP: 43/43 MP: 9/9
  5702 | D:5      | Found a staircase to the Ecumenical Temple.
  5711 | Temple   | Entered the Ecumenical Temple
  5720 | Temple   | Became a worshipper of Dithmenos the Shadowed
  5848 | D:6      | Reached skill level 5 in Dodging
  5902 | D:6      | Found Benzaiten's Dragon-Slaying Spoils.
  6045 | D:6      | Learned a level 3 spell: Frozen Ramparts
  6559 | D:6      | Reached XP level 8. HP: 48/48 MP: 10/10
  6874 | D:7      | Reached * piety under Dithmenos
  6894 | D:7      | Identified the +0 ring mail "Ikhlun" {rElec rC+}
  7078 | D:7      | Reached skill level 5 in Fighting
  7078 | D:7      | Reached skill level 10 in Ranged Weapons
  7346 | D:7      | Reached skill level 1 in Spellcasting
  7377 | D:7      | Reached skill level 1 in Ice Magic
  7384 | D:7      | Reached skill level 1 in Armour
  7486 | D:7      | Learned a level 3 spell: Ozocubu's Armour
  7497 | D:7      | Reached XP level 9. HP: 55/55 MP: 14/14
  7542 | D:7      | Reached ** piety under Dithmenos
  7827 | D:7      | Reached skill level 5 in Ice Magic
  8620 | D:9      | Reached XP level 10. HP: 60/60 MP: 11/15
  8690 | D:9      | Found a staircase to the Lair.
  8701 | D:9      | Noticed Maggie
  8708 | D:9      | Killed Maggie
  8789 | D:9      | Found a broken altar of Ashenzari.
  8791 | D:9      | Found a glowing golden altar of the Shining One.
  8793 | D:9      | Found a radiant altar of Vehumet.
  8794 | D:9      | Found a white marble altar of Elyvilon.
  8853 | D:9      | Reached *** piety under Dithmenos
  8992 | D:9      | Noticed Harold
  9395 | D:9      | Noticed Grum
  9402 | D:9      | Killed Grum
  9537 | Lair:1   | Entered Level 1 of the Lair of Beasts
  9565 | Lair:1   | Noticed a cane toad
  9569 | Lair:1   | Killed a cane toad
  9619 | Lair:1   | Reached XP level 11. HP: 68/68 MP: 19/19
 10048 | Lair:1   | Reached skill level 5 in Spellcasting
 10250 | Lair:1   | Reached skill level 10 in Ice Magic
 10458 | Lair:1   | Learned a level 2 spell: Call Imp
 10466 | Lair:1   | Learned a level 7 spell: Ozocubu's Refrigeration
 10483 | Lair:2   | Noticed a six-headed hydra
 10491 | Lair:2   | Killed a six-headed hydra
 10596 | Lair:2   | Noticed a skyshark
 10610 | Lair:2   | Killed a skyshark
 10993 | Lair:2   | Noticed a seven-headed hydra
 11008 | Lair:2   | Killed a seven-headed hydra
 11697 | Lair:3   | Reached **** piety under Dithmenos
 11789 | Lair:3   | Found a staircase to the Snake Pit.
 11800 | Lair:3   | Reached XP level 12. HP: 71/73 MP: 23/27
 12037 | Lair:3   | Found a staircase to the Swamp.
 12116 | Lair:3   | Reached skill level 10 in Spellcasting
 12226 | Lair:3   | Noticed an eight-headed hydra
 12236 | Lair:3   | Killed an eight-headed hydra
 12640 | Lair:4   | Noticed an eight-headed hydra
 12650 | Lair:4   | Killed an eight-headed hydra
 12684 | Lair:4   | Noticed a death yak
 12687 | Lair:4   | Killed a death yak
 12718 | Lair:4   | Noticed a death yak
 12875 | Lair:4   | Killed a death yak
 13044 | Lair:4   | Found a viscous altar of Jiyva.
 13044 | Lair:4   | Found a staircase to the Slime Pits.
 13081 | Lair:4   | Reached skill level 15 in Ice Magic
 13733 | Lair:5   | Entered Level 5 of the Lair of Beasts
 13786 | Lair:5   | Noticed a death yak
 13800 | Lair:5   | Killed a death yak
 14089 | Lair:5   | Reached XP level 13. HP: 78/78 MP: 18/30
 14409 | Lair:5   | Reached ***** piety under Dithmenos
 14755 | Lair:5   | Reached skill level 5 in Evocations
 15192 | Lair:5   | Identified the +0 cloak "Feann" {*Corrode rPois Will++
                  | Str+2}
 15827 | Lair:5   | Reached skill level 10 in Dodging
 15989 | Lair:5   | Found the +8 orange crystal plate armour {Archmagi, Int+3
                  | Clar}
 16454 | D:9      | Killed Harold
 16455 | D:9      | Reached XP level 14. HP: 79/86 MP: 10/32
 16624 | D:10     | Entered Level 10 of the Dungeon
 16817 | D:10     | Reached ****** piety under Dithmenos
 17204 | D:10     | Learned a level 4 spell: Summon Ice Beast
 17210 | D:10     | Learned a level 5 spell: Lee's Rapid Deconstruction
 17347 | D:10     | Found a basalt altar of Yredelemnul.
 17657 | D:11     | Found a frozen archway.
 17734 | IceCv    | Entered an ice cave
 17861 | IceCv    | Reached skill level 10 in Fighting
 17937 | IceCv    | Identified the +3 war axe of Mana {flame, rElec}
 18368 | IceCv    | Reached skill level 1 in Earth Magic
 18392 | IceCv    | Reached skill level 1 in Shields
 18606 | IceCv    | Identified the +9 flail "Xuce" {protect, rC+ Will+ Int+4}
 18610 | IceCv    | Got Nomeroed's Spellbook of Breath and the Snowflakes
 18984 | D:11     | Noticed Sonja
 18986 | D:11     | Sonja changed into Sonja the yak
 18986 | D:11     | Noticed Sonja
 18993 | D:11     | Killed Sonja the yak
 19198 | D:11     | Found a staircase to the Orcish Mines.
 19442 | Orc:1    | Entered Level 1 of the Orcish Mines
 19508 | Orc:1    | Found a dark tunnel.
 19518 | Volcano  | Entered a volcano
 20055 | Orc:1    | Found a transporter.
 20064 | Orc:1    | Found a transporter.
 20115 | Orc:1    | You are sucked into a shaft and drop 1 floor!
 20115 | Orc:2    | Entered Level 2 of the Orcish Mines
 20271 | Orc:2    | Found Lahiab's General Store.
 20282 | Orc:2    | Reached skill level 5 in Earth Magic
 20316 | Orc:2    | Reached XP level 15. HP: 92/92 MP: 13/33
 20753 | Orc:2    | Reached skill level 5 in Shields
 20807 | Orc:2    | Found a staircase to the Elven Halls.
 21144 | Orc:1    | Found a bloodstained altar of Trog.
 21144 | Orc:1    | Found the necklace of Bloodlust {Fury *Rage Will++ Int-3
                  | Slay+6}
 21257 | Orc:2    | Found Hozazis's Antique Weapon Boutique.
 21391 | Orc:2    | Found a runed translucent gate.
 21392 | Orc:2    | Found a runed translucent gate.
 21393 | Orc:2    | Found a runed translucent gate.
 21393 | Orc:2    | Noticed emiel's ghost (journeyman MiHu)
 21494 | Orc:2    | Found Paxt's Jewellery Emporium.
 21535 | Orc:2    | Found Kemneveng's Weapon Emporium.
 21631 | Orc:2    | Found Xiaschoawk's Antique Armour Shop.
 21865 | Orc:2    | Bought an encrusted leather armour for 231 gold pieces
 21865 | Orc:2    | Identified the +0 leather armour "Miluk" {rPois Dex+5} (You
                  | bought it in a shop on level 2 of the Orcish Mines)
 21866 | Orc:2    | Bought a runed robe for 122 gold pieces
 21889 | Orc:2    | Bought a wand of digging (4) for 252 gold pieces
 21889 | Orc:2    | Bought a potion of mutation for 120 gold pieces
 21889 | Orc:2    | Bought a potion of brilliance for 60 gold pieces
 23002 | D:12     | Found a shimmering blue altar of Sif Muna.
 23228 | D:13     | Found a gate leading to a gauntlet.
 23238 | Gauntlet | Entered a Gauntlet
 23238 | Gauntlet | Found a transporter.
 23241 | Gauntlet | Found a transporter.
 23243 | Gauntlet | Found a transporter.
 23243 | Gauntlet | Found a transporter.
 23246 | Gauntlet | Found a transporter.
 23255 | Gauntlet | Found a transporter.
 23257 | Gauntlet | Found the +3 pair of gauntlets of War {Slay+5}
 23262 | Gauntlet | Found a transporter.
 23265 | Gauntlet | Found a transporter.
 23309 | Gauntlet | Found a transporter.
 23326 | Gauntlet | Found a transporter.
 23330 | Gauntlet | Found a transporter.
 23341 | Gauntlet | Found a transporter.
 23501 | Gauntlet | Identified the ring "Ytwyckeloz" {rN+ Str+6 Slay+2 Stlth+}
 23643 | Gauntlet | Learned a level 5 spell: Yara's Violent Unravelling
 23703 | D:13     | Reached skill level 1 in Hexes
 23890 | D:13     | Reached skill level 1 in Transmutations
 24038 | D:13     | Found a gate to the Vaults.
 24219 | D:13     | Identified a scroll of acquirement
 24236 | D:13     | Acquired the +9 staff of Wucad Mu {*channel}
 24236 | D:13     | Found the +9 staff of Wucad Mu {*channel}
 25395 | D:14     | Noticed Josephine
 25398 | D:14     | Killed Josephine
 25531 | D:14     | Identified the ring of Darkness {Wiz rF+ MP+9}
 25592 | D:14     | Found a transporter.
 25630 | D:14     | Found a transporter.
 25819 | D:14     | Identified the +10 rapier of Immorality {heavy, rF+}
 25926 | D:14     | Found a transporter.
 25999 | D:14     | Found a transporter.
 26129 | D:15     | Entered Level 15 of the Dungeon
 26144 | D:15     | Noticed Kirke
 26151 | D:15     | Killed Kirke
 26307 | D:15     | Noticed Azrael
 26310 | D:15     | Killed Azrael
 26389 | D:15     | Reached skill level 5 in Hexes
 26568 | D:15     | Found a staircase to the Depths.
 26609 | D:15     | Reached XP level 16. HP: 54/97 MP: 2/34
 28000 | Snake:1  | Entered Level 1 of the Snake Pit
 28336 | Snake:1  | Reached skill level 5 in Transmutations
 28649 | Snake:1  | Reached skill level 5 in Armour
 28649 | Snake:1  | Reached skill level 10 in Earth Magic
 28890 | Snake:1  | Found a runed translucent door.
 29549 | Snake:1  | Learned a level 6 spell: Iron Shot
 29917 | Snake:1  | Reached skill level 1 in Conjurations
 29922 | Snake:1  | Reached skill level 1 in Summonings
 30510 | Snake:2  | Reached skill level 2 in Summonings
 30928 | Snake:2  | Noticed Aizul
 30937 | Snake:2  | Killed Aizul
 31828 | Snake:3  | Reached skill level 3 in Summonings
 32432 | Snake:4  | Entered Level 4 of the Snake Pit
 32494 | Snake:4  | Noticed Agnes
 32497 | Snake:4  | Killed Agnes
 32499 | Snake:4  | Reached XP level 17. HP: 103/103 MP: 4/35
 32830 | Snake:4  | Noticed Vashnia
 32907 | Snake:4  | Killed Vashnia
 32908 | Snake:4  | Reached skill level 4 in Summonings
 34052 | Snake:4  | Found a burning altar of Makhleb.
 34272 | Snake:4  | Reached skill level 5 in Conjurations
 34276 | Snake:4  | Reached skill level 5 in Summonings
 35609 | Snake:4  | Reached skill level 6 in Summonings
 35800 | Snake:4  | Got a serpentine rune of Zot
 36020 | Swamp:1  | Entered Level 1 of the Swamp
 36611 | Swamp:1  | Found a burning altar of Makhleb.
 37056 | Swamp:1  | Reached skill level 7 in Summonings
 37056 | Swamp:1  | Reached XP level 18. HP: 110/110 MP: 38/38
 37267 | Swamp:1  | Learned a level 5 spell: Irradiate
 37274 | Swamp:1  | Learned a level 4 spell: Fulminant Prism
 38421 | Swamp:3  | Found a transporter.
 38421 | Swamp:3  | Noticed makewrite's ghost (adept TrBe)
 38435 | Swamp:3  | Found a transporter.
 38685 | Swamp:3  | Identified the +6 plate armour "Icsur" {Rampage rElec
                  | Str-5}
 39081 | Swamp:3  | Reached skill level 8 in Summonings
 39083 | Swamp:3  | Identified the +0 scale mail of Insecurity {+Inv MP+9 Int-2
                  | Stlth+}
 39088 | Swamp:3  | Killed makewrite's ghost
 39165 | Swamp:4  | Entered Level 4 of the Swamp
 39532 | Swamp:4  | Reached skill level 15 in Dodging
 39811 | Swamp:4  | Reached skill level 9 in Summonings
 40033 | Swamp:4  | Got a decaying rune of Zot
 40399 | Elf:1    | Entered Level 1 of the Elven Halls
 40450 | Elf:1    | Identified the +1 leather armour "Zeprarch" {Int+4}
 41497 | Elf:1    | Acquired the ring of Mysiq {rPois rF+++ Will+ Str-3 Slay-3}
 41568 | Elf:1    | Got the Compendium of Sciomancy
 41777 | Orc:2    | Killed emiel's ghost
 42092 | Elf:2    | Found a runed translucent gate.
 42092 | Elf:2    | Found a runed translucent gate.
 42092 | Elf:2    | Found a runed translucent gate.
 42139 | Elf:2    | Reached XP level 19. HP: 100/117 MP: 12/39
 42484 | Elf:2    | Reached skill level 10 in Conjurations
 42486 | Elf:2    | Reached skill level 10 in Summonings
 42545 | Elf:2    | Acquired the +0 pair of boots "Doehoq" {rN+ Str-3 Int+3
                  | Dex+3}
 42872 | Elf:3    | Entered Level 3 of the Elven Halls
 42951 | Elf:2    | Found an ancient bone altar of Kikubaaqudgha.
 42993 | Elf:3    | Found Gasch's General Store.
 43002 | Elf:3    | Bought a potion of cancellation for 96 gold pieces
 43002 | Elf:3    | Bought a potion of invisibility for 96 gold pieces
 43002 | Elf:3    | Bought a wand of quicksilver (2) for 100 gold pieces
 43002 | Elf:3    | Bought a scroll of immolation for 48 gold pieces
 43142 | Elf:3    | Identified the +7 executioner's axe "Nusi" {flame, Will+
                  | Int+6 Dex+4}
 43186 | Elf:3    | Reached skill level 11 in Summonings
 43197 | Elf:3    | Paralysed by an air elemental for 1 turns
 43199 | Elf:3    | Paralysed by an air elemental for 1 turns
 43479 | Elf:3    | Identified the +8 trident of Cusiacs {venom, Will++}
 43655 | Elf:3    | Identified the +1 chain mail of Etyhom {Slay+3 Stlth+}
 43662 | Elf:3    | Identified the staff of death "Ymizum" {rF+ rN+}
 43673 | Elf:3    | Identified the staff of conjuration "Qug Tipn" {rC+ rCorr
                  | Dex-2 Stlth+}
 43677 | Elf:3    | Identified the +3 sling of the Lumpy Beggars {drain, rF+
                  | rC+ Str-2}
 44272 | Elf:3    | Found a portal to a secret trove of treasure.
 44346 | Elf:3    | Identified the +5 shortbow of the Aged Mouths {heavy, rElec
                  | rPois rCorr}
 44394 | Elf:3    | Noticed Frances
 44402 | Elf:3    | Killed Frances
 44438 | Elf:3    | Noticed Donald
 44444 | Elf:3    | Killed Donald
 44603 | Elf:3    | Reached skill level 12 in Summonings
 44611 | Elf:3    | Learned a level 7 spell: Spellforged Servitor
 44914 | Trove    | Entered a treasure trove
 44925 | Trove    | Identified the ring "Soer" {Wiz Will+ rCorr}
 44931 | Trove    | Identified the ring "Zechijoj" {Fire rPois Int+3 Slay+3}
 44933 | Trove    | Identified the ring "Myag" {rPois rF- rCorr Dex+6}
 44936 | Trove    | Identified the ring of Ylisi {Wiz rPois rF- rC+++ Will++}
 44941 | Trove    | Identified the ring "Kyfad" {Wiz rF++ rN+}
 44943 | Trove    | Identified the ring "Vuzaps" {Fire Str+6 Int-2 Dex+4}
 44953 | Trove    | Identified the ring "Exteguik" {+Blink MP+9 Int+6}
 45281 | Orc:1    | Found a runed translucent door.
 45356 | Orc:1    | Identified the +8 chain mail of Saahye {Str+4}
 45399 | Orc:1    | Identified the +11 battleaxe of Areza {heavy, Str+5 Int-5
                  | Dex-5}
 46021 | Vaults:1 | Entered Level 1 of the Vaults
 46069 | Vaults:1 | Reached XP level 20. HP: 126/126 MP: 7/40
 47956 | Vaults:2 | Found a staircase to the Crypt.
 48449 | Vaults:2 | Learned a level 2 spell: Passwall
 48474 | Vaults:2 | Reached skill level 15 in Spellcasting
 49691 | Vaults:3 | Reached XP level 21. HP: 132/132 MP: 24/42
 50207 | Vaults:3 | Reached skill level 13 in Summonings
 50443 | Vaults:3 | Found Gocav's Antique Armour Shoppe.
 50711 | Vaults:3 | Bought a brightly glowing buckler for 294 gold pieces
 50711 | Vaults:3 | Identified the +3 buckler of Miesabra {Dex+2} (You bought
                  | it in a shop on level 3 of the Vaults)
 50729 | Vaults:3 | Bought a distressingly furry orb for 434 gold pieces
 50729 | Vaults:3 | Identified the orb of Loineris {guile, rF++} (You bought it
                  | in a shop on level 3 of the Vaults)
 51144 | Vaults:3 | Reached skill level 10 in Armour
 52270 | Vaults:4 | Found a magical portal.
 52275 | WizLab   | Entered Wucad Mu's Monastery
 52302 | WizLab   | Identified the staff of cold "Fewoby" {rF+ rC+ Str+2 Dex+4}
 52343 | WizLab   | Reached XP level 22. HP: 139/139 MP: 44/44
 52897 | Vaults:4 | Reached skill level 15 in Fighting
 53336 | Vaults:4 | Reached skill level 14 in Summonings
 54038 | Slime:1  | Entered Level 1 of the Pits of Slime
 54058 | Slime:1  | You fall into a shaft and drop 1 floor!
 54153 | Slime:1  | Gained mutation: You occasionally shout uncontrollably at
                  | your foes. [a shining eye]
 54504 | Slime:3  | Reached XP level 23. HP: 138/145 MP: 34/45
 54535 | Slime:4  | Reached skill level 15 in Summonings
 54584 | Slime:5  | Entered Level 5 of the Pits of Slime
 54800 | Slime:5  | Noticed the Royal Jelly
 54812 | Slime:5  | Killed the Royal Jelly
 55097 | Slime:5  | Got Wydi's Cyclopedia of Geological Venin
 55108 | Slime:5  | Identified the +1 long sword "Adeniul" {heavy, +Blink
                  | Int+3}
 55163 | Slime:5  | Got a slimy rune of Zot
 55181 | Slime:5  | Acquired PaperRat's Papyrus of Trauma
 55516 | D:15     | Learned a level 6 spell: Statue Form
 55517 | Depths:1 | Entered Level 1 of the Depths
 55763 | Depths:1 | Found Guinorosk's Demolitions Depot.
 55796 | Depths:1 | Reached skill level 16 in Summonings
 56375 | Depths:1 | Found a gateway to Hell.
 56650 | Depths:1 | Found a one-way gate leading to the halls of Pandemonium.
 57221 | Depths:1 | Bought a manual of Evocations for 1440 gold pieces
 57221 | Depths:1 | Bought a wand of roots (4) for 172 gold pieces
 57221 | Depths:1 | Bought a wand of quicksilver (5) for 378 gold pieces
 57693 | Depths:2 | Identified the +0 shadow dragon scales "Judd" {rElec rF-
                  | Int+8 Slay-2 Stlth++++}
 57724 | Depths:2 | Reached skill level 17 in Summonings
 57909 | Depths:2 | Identified the ring of Fragile Peace {rPois rC+ rN+}
 57913 | Depths:2 | Reached skill level 10 in Evocations
 58025 | Depths:2 | Identified the amulet "Jaqop" {Spirit +Blink Will+}
 58132 | Depths:2 | Identified the ring of the Seer {Fly rC+ Dex+3}
 58136 | Depths:2 | Reached XP level 24. HP: 152/154 MP: 39/46
 58158 | Depths:2 | Identified the ring "Zonibby" {rN+++ rCorr Dex-4 Slay+3
                  | Stlth-}
 58564 | Depths:2 | Found a one-way gateway to a ziggurat.
 59995 | Depths:3 | Found a bloodstained altar of Trog.
 60057 | Depths:3 | Identified the +10 short sword "Toggaj" {freeze, Dex+2}
 60072 | Depths:3 | Reached skill level 18 in Summonings
 60172 | Depths:3 | Noticed a juggernaut
 60173 | Depths:3 | Noticed a juggernaut
 60182 | Depths:3 | Killed a juggernaut
 60185 | Depths:3 | Killed a juggernaut
 60212 | Depths:3 | Identified the +4 broad axe of Kismet {heavy, Drain rF+ rC+
                  | rN+}
 60449 | Depths:3 | Found a corrupted altar of Lugonu.
 60449 | Depths:3 | Found a one-way gate to the infinite horrors of the Abyss.
 60665 | Depths:3 | Learned a level 5 spell: Summon Mana Viper
 60689 | Depths:3 | Got the Almanac of Floating Death
 60701 | Depths:3 | Identified the +6 great mace "Milixibe" {spect, rF- Will++
                  | rCorr Dex+3}
 61271 | Depths:3 | Learned a level 7 spell: Summon Hydra
 61283 | Depths:3 | Learned a level 4 spell: Iskenderun's Mystic Blast
 61284 | Depths:4 | Entered Level 4 of the Depths
 61709 | Depths:4 | Reached skill level 19 in Summonings
 61783 | Depths:4 | Found a radiant altar of Vehumet.
 62238 | Depths:4 | Reached XP level 25. HP: 146/163 MP: 36/48
 62333 | Depths:4 | Found a gate to the Realm of Zot.
 62472 | Depths:4 | Found a shadowy altar of Dithmenos.
 62477 | Depths:4 | Noticed the Enchantress
 62483 | Depths:4 | Killed the Enchantress
 62859 | Zot:1    | Entered Level 1 of the Realm of Zot
 62987 | Zot:1    | Reached skill level 20 in Summonings
 63880 | Zot:1    | Reached skill level 21 in Summonings
 64462 | Zot:2    | Noticed a dread lich
 64467 | Zot:2    | Noticed a dread lich
 64474 | Zot:2    | Killed a dread lich
 64483 | Zot:2    | Killed a dread lich
 65201 | Zot:2    | Noticed a dread lich
 65202 | Zot:2    | Noticed a dread lich
 65209 | Zot:2    | Killed a dread lich
 65210 | Zot:2    | Killed a dread lich
 65211 | Zot:2    | Reached skill level 22 in Summonings
 65863 | Zot:2    | Reached skill level 23 in Summonings
 66898 | Zot:3    | Reached XP level 26. HP: 168/168 MP: 18/49
 66920 | Zot:3    | Reached skill level 24 in Summonings
 68132 | Zot:3    | Reached skill level 25 in Summonings
 69257 | Zot:5    | Entered Level 5 of the Realm of Zot
 69443 | Zot:5    | Reached skill level 15 in Evocations
 69561 | Zot:5    | Learned a level 4 spell: Fulminant Prism
 69620 | Zot:5    | Noticed an orb of fire
 69628 | Zot:5    | Killed an orb of fire
 69686 | Zot:5    | Noticed an orb of fire
 69698 | Zot:5    | Killed an orb of fire
 69710 | Zot:5    | Noticed an ancient lich
 69713 | Zot:5    | Killed an ancient lich
 70392 | Zot:5    | Got the Orb of Zot
 70659 | Depths:1 | Noticed Ejici the pandemonium lord
 70921 | D:3      | Noticed Hoyh the pandemonium lord
 70938 | D:3      | Killed Hoyh the pandemonium lord
 71042 | D:$      | Escaped with the Orb!

Illustrated notes

Levels and vault maps discovered:
D:1:      nagdon_arrival_zigzag_paths, layout_basic,
          hellmonk_ecumenical_altar_leap_of_faith, minmay_tromino_i2
D:2:      layout_basic
D:3:      layout_basic
D:4:      layout_basic, uniq_ijyb
D:5:      layout_loops_ring, minmay_temple_entry_poolview, chequers_garden,
          minmay_misc_feat_cross, kennysheep_generic_room_3
D:6:      layout_basic, minivault_19, nicolae_shop_dragon_depot,
          dk_noncrumbling_3, grunt_ministairs_13
D:7:      layout_loops_cross, the_hattery
D:8:      layout_cave_pools
D:9:      layout_cave_pods, mainiacjoe_overflow_alcove_3, david_lair_generic,
          kennysheep_potato, uniq_harold, uniq_grum, uniq_maggie
D:10:     layout_cave_pools, nicolae_yredelemnul_corpse_copse, minivault_19,
          library_closet
D:11:     layout_basic, david_orc_2, portal_ice_cave_entry_ice_simulacra,
          uniq_sonja
D:12:     layout_roguey, lemuel_blue_sif_altar
D:13:     layout_gridville, david_vaults_5, gauntlet_entry_generic, minivault_16
D:14:     layout_roguey, hellmonk_bongcloud_opening, grunt_ministairs_5,
          nicolae_transporter_intersection, uniq_josephine
D:15:     grunt_enter_depths_giant_problem, layout_cave_pods, serial_bayou,
          serial_bayou_crossing, serial_bayou_pond_e, serial_bayou_lagoon_a,
          serial_bayou_shore_a, corexii_leaking_fountain,
          minmay_increasing_density, uniq_azrael, uniq_kirke
Temple:   sentei_temple_godly_chess
Lair:1:   layout_small_grid, grunt_megastairs_3
Lair:2:   layout_gridlike, lemuel_fruit_tree
Lair:3:   layout_regular_city, swamp_mist, guppyfry_snake_entry_garden
Lair:4:   layout_small_grid, dpeg_slime_entry_enclosed
Lair:5:   hangedman_lair_tendril_chambers, layout_cave_pods
Swamp:1:  layout_falls_marsh, lemuel_altar_in_water, swamp_pool1,
          nicolae_swamp_treefoil, worms_lemuel
Swamp:2:  layout_basic_swamp, evilmike_swamp_ruin_rubble_1, swamp_pool2,
          infiniplex_staircase_pool_2
Swamp:3:  layout_basic_swamp, gammafunk_ghost_arena, serial_swamp_ruin,
          evilmike_swamp_ruin_house_6, hangedman_swamp_ruin_hall,
          hangedman_swamp_ruin_wall
Swamp:4:  swamp_alternative, layout_basic_swamp, swamp_pool5,
          nicolae_swamp_snake_nest
Snake:1:  layout_layer_cave, lightli_airlock
Snake:2:  layout_onion_interference, uniq_aizul
Snake:3:  layout_misc_corridors, st_stairs_3, grunt_ministairs_13,
          statue_in_the_mist_lemuel, nicolae_snake_shapes
Snake:4:  grunt_snake_rune_pools, layout_layer_cave, basic_altar, drop_trap,
          nicolae_snake_bzzzt, uniq_vashnia, uniq_agnes
Slime:1:  layout_caves
Slime:2:  layout_caves, special_room [special_room_jelly]
Slime:3:  layout_caves
Slime:4:  layout_caves
Slime:5
Orc:1:    emtedronai_trogs_sanctum, layout_caves, nicolae_volcano_entry_s_turn
Orc:2:    grunt_orc_gardens, layout_diamond_mine, grunt_orc_garden,
          grunt_orc_garden, grunt_orc_garden, grunt_orc_garden, serial_shops,
          nicolae_shop_bloodbath_and_beyond, ebering_ghost_rock_garden
Elf:1:    layout_gridlike, minmay_elf_necromancy
Elf:2:    nicolae_elf_blades_splatter_lattice
          [nicolae_blade_entry_hurt_lockers], layout_gridlike,
          lemuel_upstairs_altar
Elf:3:    minmay_elf_hall_not_hex, layout_geoelf_octagon, special_room
          [special_room_orc], trove_entry_hex_spiral, sword_in_stone,
          minmay_shop_star
Vaults:1: hangedman_vaults_slice, hangedman_vaults_pinch,
          nicolae_vaults_specimen_jars, v_misc_8,
          ontoclasm_vaults_decontamination, layout_vaults_omnigrid
Vaults:2: blue_anna_dwarven_crypt, vaults_room_ringed_pool,
          vaults_mumra_chevron, vaults_mumra_minichess, vaults_room_fancy_cross,
          vaults_mumra_hex, vaults_room_corners, ontoclasm_vaults_ring_small,
          hangedman_vaults_stitches, nicolae_vaults_little_squares_6,
          layout_vaults_ring
Vaults:3: nicolae_vaults_stairing_the_circle,
          vaults_room_grunt_arrival_checkpoint, nicolae_vaults_what_the_h,
          ontoclasm_vaults_ring_small, nicolae_vaults_display_case,
          ontoclasm_vaults_ring_large, hangedman_vaults_stretched_pinwheel,
          grunt_vaults_bifocal, vaults_dpeg_ring, vaults_room_door_ring,
          nicolae_vaults_little_squares_5, v_alt_pattern_3, v_rooms_5,
          v_alt_pattern_1, nicolae_vaults_rhombus_5, nicolae_vaults_asterisk,
          nicolae_vaults_rhombus_5, vaults_dpeg_encased_lava,
          layout_vaults_omnibox, serial_shops, shop
Vaults:4: mu_enter_wizlab_1, v_misc_15, hangedman_vaults_stream,
          hangedman_vaults_nodes, nicolae_vaults_diagonal_hallway_7,
          vaults_room_pools, ontoclasm_vaults_loading_screen, v_misc_14,
          nicolae_vaults_an_arrangement, vaults_room_pools, vaults_room_hallway,
          layout_vaults_omnicross
Depths:1: layout_forbidden_donut, grunt_hell_entry_demonic_statue,
          serial_sigils_hangedman_shear, rand_demon_pan_entry_4,
          grunt_decor_resistance, grunt_ministairs_2, nicolae_blasting_shop,
          nicolae_titane
Depths:2: minmay_the_grid_triangle_9x9_line_8_mashed
          [minmay_the_grid_triangle_9x9_warning,
          minmay_the_grid_triangle_9x9_skeleton,
          minmay_the_grid_triangle_9x9_cache,
          minmay_the_grid_triangle_9x9_dagger,
          minmay_the_grid_triangle_9x9_semitri,
          minmay_the_grid_triangle_9x9_swiss_cheese,
          minmay_the_grid_triangle_9x9_zippers_vertical,
          minmay_the_grid_triangle_9x9_prize_special], layout_cave_shapes,
          enter_ziggurat_e, rand_demon_pan_entry_8,
          chequers_serial_rivers_large_a, hell_entry,
          nicolae_figureground_pulse, infiniplex_staircase_zigzag_3
Depths:3: grunt_arcs, layout_long_grid, hellmouth_1, trog_three_pillars_becter,
          abyss_entry_flame_altar, lemuel_old_faithful,
          infiniplex_staircase_zigzag_5
Depths:4: evilmike_zot_entry_hall, layout_cave_shapes,
          abyss_entry_small_statue_room, grunt_hell_entry_dis_old,
          vehumet_crystals, serial_bayou_pond_a, nicolae_dithmenos_the_darkroom,
          uniq_enchantress
Zot:1:    layout_misc_corridors, zot_minivault_6
Zot:2:    hellmonk_paralyzer, layout_concentric_octagons
Zot:3:    kennysheep_blocky_room, layout_cellular_growth, grunt_megastairs_5
Zot:4:    layout_gridlike
Zot:5:    layout_misc_corridors

Skill      XL: |  1  2  3  4  5  6  7  8  9 10 11 12 13 14 15 16 17 18 19 20 21 22 23 24 25 26 |
---------------+-------------------------------------------------------------------------------+-----
Short Blades   | 1 |  1.2
Dodging        | 1 2 3 4 5 6 8 10 12 14 15 16 17 19 20 23 | 23.2
Ranged Weapons | 1 3 4 5 7 9 10 12 14 | 14.0
Evocations     | 2 4 6 8 10 14 15 | 15.5
Fighting       | 6 7 8 9 10 11 12 13 14 15 16 18 19 | 19.0
Spellcasting   | 2 4 9 11 12 14 15 16 17 19 20 | 20.0
Ice Magic      | 2 7 9 12 15 16 18 | 18.0
Armour         | 1 4 6 8 10 11 | 11.0
Earth Magic    | 5 9 10 | 10.0
Shields        | 4 5 |  5.0
Hexes          | 5 6 |  6.0
Transmutations | 4 7 8 |  8.0
Conjurations   | 3 7 9 12 13 14 | 14.0
Summonings     | 3 7 9 12 13 14 17 19 23 25 | 25.0
Stealth        | |  4.8

Action                     |  1- 3 |  4- 6 |  7- 9 | 10-12 | 13-15 | 16-18 | 19-21 | 22-24 | 25-27 || total
---------------------------+-------+-------+-------+-------+-------+-------+-------+-------+-------++-------
  Melee: Dagger            |    76 |       |       |       |       |       |       |       |       ||    76
         Punch             |     1 |       |       |       |       |       |       |       |       ||     1
         War axe           |       |       |       |       |       |       |     9 |       |       ||     9
   Fire: Sling             |    89 |    93 |   225 |   400 |   968 |   753 |   509 |   487 |    92 ||  3616
         Arbalest          |       |       |       |     3 |       |       |       |       |       ||     3
  Throw: Stone             |     8 |       |       |       |       |       |       |       |       ||     8
         Dart              |     2 |     4 |     1 |     5 |    15 |       |     6 |       |     1 ||    34
         Throwing net      |       |       |       |       |       |       |       |     1 |       ||     1
   Cast: Frozen Ramparts   |       |       |     1 |    34 |    37 |    26 |       |       |       ||    98
         Ozocubu's Armour  |       |       |       |    31 |    27 |     2 |       |       |       ||    60
         Ozocubu's Refrige |       |       |       |    14 |   149 |   286 |   223 |   258 |   142 ||  1072
         Summon Ice Beast  |       |       |       |       |     8 |     2 |     2 |     1 |       ||    13
         Lee's Rapid Decon |       |       |       |       |    13 |     8 |    24 |    17 |     1 ||    63
         Iron Shot         |       |       |       |       |       |    36 |    87 |   166 |   191 ||   480
         Yara's Violent Un |       |       |       |       |       |     7 |    20 |     8 |    15 ||    50
         Irradiate         |       |       |       |       |       |     6 |    12 |    18 |     4 ||    40
         Spellforged Servi |       |       |       |       |       |       |    17 |    31 |    64 ||   112
         Fulminant Prism   |       |       |       |       |       |       |       |     1 |     4 ||     5
         Summon Hydra      |       |       |       |       |       |       |       |     5 |    14 ||    19
         Summon Mana Viper |       |       |       |       |       |       |       |     2 |    11 ||    13
         Passwall          |       |       |       |       |       |       |       |     2 |       ||     2
         Statue Form       |       |       |       |       |       |       |       |     1 |     8 ||     9
Ability: End Transformatio |       |       |       |       |       |       |       |     1 |     2 ||     3
  Evoke: Wand              |       |       |     3 |     2 |     7 |     1 |     7 |     4 |    12 ||    36
         Phial of floods   |       |       |       |       |     1 |       |     2 |       |       ||     3
         Tin of tremorston |       |       |       |       |       |     2 |     1 |     6 |     3 ||    12
         Phantom mirror    |       |       |       |       |       |     1 |       |       |       ||     1
         Box of beasts     |       |       |       |       |       |       |       |       |     2 ||     2
         Condenser vane    |       |       |       |       |       |       |       |       |     1 ||     1
    Use: Scroll            |     3 |     5 |    11 |     8 |     9 |     5 |     8 |     7 |     7 ||    63
         Potion            |       |       |     2 |       |     4 |     7 |     9 |     3 |     4 ||    29
   Stab: Sleeping          |     1 |       |       |       |       |       |     1 |       |       ||     2
 Armour: Robe              |    10 |       |       |       |       |       |     9 |    42 |    11 ||    72
         Leather armour    |    13 |     2 |     3 |       |    28 |       |       |       |       ||    46
         Steam dragon scal |       |       |     6 |    49 |    82 |       |       |       |       ||   137
         Ring mail         |       |       |       |       |    32 |       |       |       |       ||    32
         Acid dragon scale |       |       |       |       |     2 |    49 |       |       |     4 ||    55
         Troll leather arm |       |       |       |       |       |     1 |     6 |       |       ||     7
         Skin              |       |       |       |       |       |       |       |       |    27 ||    27
  Dodge: Dodged            |    71 |     9 |    54 |   151 |   484 |   132 |    87 |   248 |   131 ||  1367
  Block: Buckler           |       |       |       |       |    47 |    51 |    38 |   114 |    35 ||   285

Table legend: (Time is in decaauts)
 A = Elapsed time spent in this place.
 B = Non-inter-level travel time spent in this place.
 C = Inter-level travel time spent in this place.
 D = Time resting spent in this place.
 E = Time spent auto-exploring this place.
 F = Levels seen in this place.
 G = Mean time per level.
                   A        B        C        D        E       F      G
               +--------+--------+--------+--------+--------+-----+--------+
         Total |  70690 |  64209 |   6481 |  11392 |  36136 |  57 | 1240.2 |
       Dungeon |  18200 |  15844 |   2356 |   1100 |   8821 |  15 | 1213.3 |
        Temple |     18 |     10 |      8 |      0 |      0 |   1 |   18.0 |
          Lair |   7303 |   6618 |    685 |   1347 |   3693 |   5 | 1460.6 |
         Swamp |   4341 |   3975 |    366 |     96 |   3300 |   4 | 1085.2 |
     Snake Pit |   7913 |   7668 |    245 |   1729 |   4980 |   4 | 1978.2 |
    Slime Pits |   1191 |   1104 |     87 |    586 |     62 |   5 |  238.2 |
  Orcish Mines |   3062 |   2527 |    535 |    623 |   1200 |   2 | 1531.0 |
   Elven Halls |   4752 |   3960 |    792 |    682 |   2437 |   3 | 1584.0 |
        Vaults |   6903 |   6384 |    519 |    323 |   4942 |   4 | 1725.8 |
        Depths |   7551 |   6979 |    572 |   1849 |   3607 |   4 | 1887.8 |
           Zot |   7237 |   6926 |    311 |   2502 |   2728 |   5 | 1447.4 |
         Trove |     47 |     47 |      0 |      0 |      0 |   1 |   47.0 |
      Ice Cave |   1088 |   1088 |      0 |    375 |    156 |   1 | 1088.0 |
       Volcano |    396 |    396 |      0 |     93 |      0 |   1 |  396.0 |
        Wizlab |    276 |    276 |      0 |      0 |    205 |   1 |  276.0 |
      Gauntlet |    404 |    404 |      0 |     81 |      4 |   1 |  404.0 |
               +--------+--------+--------+--------+--------+-----+--------+

Top non-repeatable levels by time:
 Snake:4: 3096 daAuts
  Lair:5: 2573 daAuts
   Elf:3: 2300 daAuts
Depths:3: 2193 daAuts
 Snake:1: 2104 daAuts
Vaults:3: 2053 daAuts
Depths:2: 1941 daAuts
   Zot:3: 1859 daAuts
Vaults:2: 1831 daAuts
Vaults:1: 1800 daAuts
   Orc:2: 1797 daAuts
    D:15: 1772 daAuts
     D:3: 1746 daAuts
Depths:1: 1710 daAuts
Depths:4: 1706 daAuts
